 Dungeon Crawl Stone Soup version 0.18-a0-1577-gf591c28 (webtiles) character file.

743 namename2 the Skirmisher (level 7, -1/58 (61) HPs)
             Began as a Ghoul Gladiator on Mar 20, 2016.
             Was an Initiate of Ru.
             Slain by a white imp (4 damage)
             ... summoned by Eustachio
             ... on level 6 of the Dungeon.
             The game lasted 00:22:42 (4210 turns).

namename2 the Skirmisher (Ghoul Gladiator)          Turns: 4210, Time: 00:22:42

HP:   -1/58 (61)    AC: 11    Str: 22 (24) XL:     7   Next: 76%
MP:   6/6           EV: 11    Int: -3 (1)  God:    Ru [......]
Gold: 197           SH:  0    Dex:  8 (11) Spells: 0 memorised, 6 levels left

rFire  + . .     SeeInvis .     f - +1 whip (elec)
rCold  . . .     Gourm    .     r - +0 ring mail
rNeg   + + +     Faith    .     (no shield)
rPois  ∞         Spirit   .     b - +2 helmet
rElec  .         Dismiss  .     x - +2 cloak
rCorr  .         Reflect  .     (no gloves)
SustAt .         Harm     .     (no boots)
MR     .....                    (no amulet)
Stlth  ..........               E - -2 ring of intelligence
                                v - ring of fire

@: mighty, rotting, slowed, lost intelligence, very slow, not resistant to
hostile enchantments, extremely unstealthy
A: rotting body, claws 1, carnivore 3, cold resistance 1, negative energy
resistance 3, slow regeneration 1, torment resistance, unbreathing
a: Renounce Religion


You were on level 6 of the Dungeon.
You worshipped Ru.
Ru was noncommittal.
You were not hungry.

You visited 1 branch of the dungeon, and saw 6 of its levels.

You collected 197 gold pieces.

Inventory:

Hand Weapons
 f - a +1 whip of electrocution (weapon)
Missiles
 a - 47 stones (quivered)
 c - 2 throwing nets
 h - 9 poisoned needles
 C - 3 tomahawks
Armour
 b - a +2 helmet (worn)
 k - a +0 scale mail
 r - a +0 ring mail (worn)
 x - a +2 cloak (worn)
 z - a +0 scale mail
 H - a +0 buckler
Jewellery
 v - a ring of fire (left claw)
 A - an uncursed ring of magical power
 E - a -2 ring of intelligence (right claw)
Wands
 n - a wand of confusion (14/48)
 F - a wand of iceblast (0/15)
Scrolls
 i - a scroll of immolation
 l - 2 scrolls of random uselessness {unknown}
 o - a scroll of teleportation
 p - a scroll of amnesia {unknown}
 t - a scroll of identify
 w - a scroll of magic mapping
 y - 3 scrolls of remove curse
 D - a scroll of blinking {unknown}
 G - a scroll of vulnerability {unknown}
Potions
 m - a potion of degeneration
Comestibles
 d - 3 meat rations
 s - 2 beef jerkies


   Skills:
 + Level 5.2 Fighting
 - Level 5.1 Throwing
 - Level 2.1 Armour
 - Level 2.6 Dodging
 - Level 5.1 Unarmed Combat
 + Level 0.1 Evocations


You had 6 spell levels left.
You didn't know any spells.

Dungeon Overview and Level Annotations

Branches:
Dungeon (6/15)
 Temple: D:4-7

Altars:
Fedhas
Makhleb
Okawaru
Ru
Sif Muna
Xom
Yredelemnul
The Shining One

Annotations:
D:6 Eustachio


Innate Abilities, Weirdness & Mutations

Your body is rotting away.
You thrive on raw meat.
You are immune to poison.
You have sharp fingernails.
You are carnivorous and can eat meat at any time.
Your flesh is cold resistant.
You are immune to negative energy.
You regenerate slowly when monsters are visible.
You are immune to unholy pain and torment.
You can survive without breathing.


Message History

You hit the crimson imp.
The crimson imp is moderately wounded.
The crimson imp disappears in a puff of smoke!
The shadow imp closely misses you.
You hit the shadow imp.
The shadow imp is heavily wounded.
The shadow imp disappears in a puff of smoke!
Eustachio gestures wildly while chanting.
Eustachio blinks!
The river rat bites you but does no damage.
You whack the river rat!
There is a sudden explosion of sparks!
You kill the river rat!
The river rat's corpse disappears in a puff of smoke!
The bat hits you but does no damage.
You barely miss the white imp. The white imp closely misses you.
Eustachio gestures wildly while chanting.
Eustachio blinks!
The white imp hits you.
* * * LOW HITPOINT WARNING * * *
The white imp freezes you.
You die...

## ### #. #.## ###
#.## ##.###.# #@#
#....##
#5#####.....###
.######b≈.##..##....#
(......§............#
(...§.(....##....#..#
(..........####.....#
............# ##....#
........#...## #....#
.#.....###...###.<.##


You could see a white imp and a bat.

Vanquished Creatures
  A sky beast (D:6)
  A giant frog (D:5)
  A scorpion (D:5)
  2 hounds
  A giant frog zombie (D:6)
  2 orc priests
  An iguana (D:5)
  2 orc wizards (D:3)
  3 worker ants
  A howler monkey skeleton (D:4)
  A worker ant zombie (D:5)
  8 adders
  3 gnolls (D:5)
  4 oozes
  An adder skeleton (D:4)
  2 worms (D:3)
  5 giant geckos
  9 orcs (D:3)
  4 bats
  4 giant cockroaches
  5 goblins
  7 hobgoblins
  8 jackals
  6 kobolds
  3 quokkas
  A ball python (D:5)
  3 giant newts
  A jackal skeleton (D:4)
  A jackal zombie (D:5)
  8 rats
99 creatures vanquished.

Notes
Turn   | Place    | Note
--------------------------------------------------------------
     0 | D:1      | namename2 the Ghoul Gladiator began the quest for the Orb.
     0 | D:1      | Reached XP level 1. HP: 17/17 MP: 0/0
   132 | D:1      | Reached XP level 2. HP: 23/23 MP: 1/1
   554 | D:2      | Found a faded altar to an unknown god.
   566 | D:2      | Became a worshipper of Sif Muna the Loreminder
   566 | D:2      | Reached * piety under Sif Muna
   566 | D:2      | Fell from the grace of Sif Muna
   676 | D:2      | Reached XP level 3. HP: 29/29 MP: 2/2
   774 | D:2      | Reached skill level 5 in Unarmed Combat
   939 | D:2      | Reached XP level 4. HP: 35/37 MP: 3/3
  1044 | D:2      | Lost intelligence.
  1386 | D:3      | Reached skill level 1 in Armour
  1528 | D:3      | Lost intelligence.
  1580 | D:3      | Reached XP level 5. HP: 41/45 MP: 4/4
  1635 | D:3      | Found a sacrificial altar of Ru.
  1701 | D:3      | Became a worshipper of Ru the Awakened
  1993 | D:3      | Reached XP level 6. HP: 25/53 MP: 5/5
  2007 | D:3      | Found a glowing golden altar of the Shining One.
  2014 | D:3      | Found an iron altar of Okawaru.
  2015 | D:3      | Found a shimmering altar of Xom.
  2017 | D:3      | Found a basalt altar of Yredelemnul.
  2020 | D:3      | Found a burning altar of Makhleb.
  2840 | D:4      | Found a deep blue altar of Sif Muna.
  3141 | D:5      | Entered Level 5 of the Dungeon
  3259 | D:5      | Found a blossoming altar of Fedhas.
  3348 | D:5      | HP: 2/53 [worker ant (3)]
  3392 | D:5      | Lost intelligence.
  3455 | D:5      | Reached XP level 7. HP: 37/60 MP: 6/6
  3923 | D:5      | Reached skill level 5 in Throwing
  4164 | D:6      | Noticed Eustachio
  4202 | D:6      | Reached skill level 5 in Fighting
  4210 | D:6      | Slain by a white imp

Vault maps used:
D:1:      erik_arrival_triangle_medium, roderic_roman_lattice, hex_medium
D:2:      ecumenical_altar_2
D:3:      minitemple, first_bread, nicolae_ru_awakened_eye
D:4:      led_sif_book
D:5:      nicolae_overflow_hidden_temple, serial_bayou_pond_b
D:6:      vehumet_altar_wand_db, minmay_temple_entry_junction, serial_shops,
          nicolae_shop_statue_plus, uniq_eustachio

Skill      XL: |  1  2  3  4  5  6  7 |
---------------+----------------------+-----
Unarmed Combat | 4 5 |  5.1
Fighting       | 3 4 5 |  5.2
Armour         | 2 |  2.1
Throwing       | 4 5 |  5.1
Dodging        | |  2.6
Evocations     | |  0.1

Action                   |  1- 3 |  4- 6 |  7- 9 || total
-------------------------+-------+-------+-------++-------
Melee: Unarmed           |    79 |    36 |     5 ||   120
       Whip              |       |   199 |    90 ||   289
Throw: Throwing net      |     1 |     2 |     1 ||     4
       Javelin           |       |    10 |    10 ||    20
Invok: Renounce Religion |     1 |       |       ||     1
       Reject Sacrifices |       |     1 |       ||     1
Evoke: Wand              |       |       |     2 ||     2
  Use: Scroll            |       |     8 |     2 ||    10
       Potion            |       |     6 |     3 ||     9
 Stab: Held in net/web   |       |     1 |       ||     1
  Eat: Chunk             |     4 |    23 |     4 ||    31
       Pizza             |       |       |     1 ||     1
